 Dungeon Crawl Stone Soup version 0.30.1-1-g62c8e00024 (webtiles) character file.

Game seed: 16698669824739223239

1625 cheesebisquit the Spear-Bearer (level 8, -4/51 HPs)
             Began as a Merfolk Gladiator on July 16, 2023.
             Was a Follower of Hepliaklqana.
             Slain by an orc warrior
             ... wielding a +4 halberd
              (24 damage)
             ... in a bailey.
             The game lasted 00:19:16 (5530 turns).

cheesebisquit the Spear-Bearer (Merfolk Gladiator)  Turns: 5530, Time: 00:19:17

Health: -4/51      AC: 12    Str: 14    XL:     8   Next: 97%
Magic:  17/17      EV:  8    Int: 10    God:    Hepliaklqana [*.....]
Gold:   17         SH:  7    Dex: 24    Spells: 7/7 levels left

rFire   . . .        a - +0 trident
rCold   . . .        o - +2 buckler
rNeg    . . .        A - +0 chain mail
rPois   .            n - +0 helmet
rElec   .            (no cloak)
rCorr   .            (no gloves)
SInv    +            y - +2 pair of boots of Cyopuen {Dex+3}
Will    +....        (no amulet) Stlth
                     m - ring of see invisible
HPRegen 0.28/turn    E - ring "Kovurop" {Will+ MP+9 Dex+6}
MPRegen 0.15/turn

%: no passive effects
@: no status effects
A: reduced essence, (nimble swimmer 2), mertail
a: Renounce Religion, Recall Ancestor, Ancestor Identity


You were in a bailey.
You worshipped Hepliaklqana.
Hepliaklqana was aware of your devotion.
You visited 2 branches of the dungeon, and saw 8 of its levels.
You also visited: Bailey.

You collected 439 gold pieces.
You spent 422 gold pieces at shops.

Inventory:

Hand Weapons
 a - a +0 trident (weapon)
Missiles
 e - a javelin (quivered)
Armour
 n - a +0 helmet (worn)
 o - a +2 buckler (worn)
 y - the +2 pair of boots of Cyopuen (worn) {Dex+3}
   (You bought it in a shop on level 5 of the Dungeon)

   Dex:       It affects your dexterity (+3).
 A - a +0 chain mail (worn)
Jewellery
 b - a ring of ice
 m - a ring of see invisible (left hand)
 r - an amulet of faith
 E - the ring "Kovurop" (right hand) {Will+ MP+9 Dex+6}
   (You bought it in a shop on level 5 of the Dungeon)

   [ring of dexterity]

   Dex:       It affects your dexterity (+6).
   MP:        It affects your magic capacity (+9).
   Will:      It increases your willpower.
Wands
 d - a wand of charming (7)
 C - a wand of polymorph (5)
 D - a wand of quicksilver (10)
Scrolls
 c - a scroll of blinking {unknown}
 f - 2 scrolls of enchant weapon {unknown}
 g - 3 scrolls of teleportation
 h - a scroll of amnesia {unknown}
 j - a scroll of vulnerability {unknown}
 k - a scroll of fear {unknown}
 l - a scroll of brand weapon {unknown}
 p - a scroll of enchant armour {unknown}
 u - 2 scrolls of poison
 v - a scroll of magic mapping
 x - a scroll of acquirement {unknown}
 G - a scroll of noise {unknown}
Potions
 i - a potion of brilliance
 s - a potion of flight
 t - a potion of attraction
 w - a potion of cancellation
 z - a potion of magic {unknown}
 B - a potion of curing
 F - a potion of ambrosia {unknown}


   Skills:
 + Level 2.5 Fighting
 - Level 14.0 Polearms
 - Level 3.0 Throwing
 + Level 0.5 Armour
 - Level 4.0 Dodging
 + Level 0.8 Shields
 + Level 1.0 Invocations


You had 7 spell levels left.
You didn't know any spells.
Your spell library contained the following spells:

 Spells                   Type           Power      Damage    Failure   Level
 Apportation              Tloc           0%         N/A       100%        1
 Necrotise                Necr           0%         1d4       100%        1
 Slow                     Hex            0%         N/A       100%        1
 Summon Small Mammal      Summ           0%         N/A       100%        1
 Ensorcelled Hibernation  Hex/Ice        0%         N/A       100%        2
 Passwall                 Tmut/Erth      0%         N/A       100%        2
 Confusing Touch          Hex            0%         N/A       100%        3
 Ozocubu's Armour         Ice            0%         N/A       100%        3
 Swiftness                Air            0%         N/A       100%        3
 Vampiric Draining        Necr           0%         2d6       100%        3
 Ozocubu's Refrigeration  Ice            0%         4d7       100%        7


Dungeon Overview and Level Annotations

Branches:
Dungeon (7/15)             Temple (1/1) D:4          Bailey (1/1)

Altars:
Ashenzari
Cheibriados
Dithmenos
Elyvilon
Fedhas
Gozag
Hepliaklqana
Kikubaaqudgha
Nemelex Xobeh
Okawaru
Qazlal
Ru
Sif Muna
Trog
Vehumet
Wu Jian
Xom
Zin
The Shining One

Shops:
D:5 :[([*


Innate Abilities, Weirdness & Mutations

Your life essence is reduced to manifest your ancestor. (-10% HP)
((You are very nimble when in or above water. (Stealth+, EV+, Speed+++)))
Your lower body shifts to a powerful aquatic tail in water.


Message History

Aim: an orc warrior, wielding a +4 halberd and wearing a +0 crystal plate armour (strong, ally target, about 29% to evade your +0 trident)
You reach to attack!
You hit the orc warrior.
The orc warrior is lightly wounded.
You block the orc warrior's attack.
Reach: a) +0 trident
Press: ? - help, Dir - move target, f/p - orc warrior
Aim: an orc warrior, wielding a +4 halberd and wearing a +0 crystal plate armour (lightly wounded, strong, ally target, about 29% to evade your +0 trident)
You reach to attack!
You closely miss the orc warrior.
The orc warrior is lightly wounded.
Zdislav misses the orc warrior.
Reach: a) +0 trident
Press: ? - help, Dir - move target, f/p - orc warrior
Aim: an orc warrior, wielding a +4 halberd and wearing a +0 crystal plate armour (lightly wounded, strong, ally target, about 29% to evade your +0 trident)
You reach to attack!
You closely miss the orc warrior.
The orc warrior is lightly wounded.
The orc warrior hits you from afar with a +4 halberd!!
Zdislav hits the orc warrior but does no damage.
You feel much better.
The orc warrior hits you from afar with a +4 halberd!
Zdislav hits the orc warrior.
Reach: a) +0 trident
Press: ? - help, Dir - move target, f/p - orc warrior
Aim: an orc warrior, wielding a +4 halberd and wearing a +0 crystal plate armour (lightly wounded, strong, ally target, about 29% to evade your +0 trident)
You reach to attack!
You hit the orc warrior.
The orc warrior is moderately wounded.
The orc warrior hits you from afar with a +4 halberd.
Reach: a) +0 trident
Press: ? - help, Dir - move target, f/p - orc warrior
Aim: an orc warrior, wielding a +4 halberd and wearing a +0 crystal plate armour (moderately wounded, strong, ally target, about 29% to evade your +0 trident)
You reach to attack!
You barely miss the orc warrior.
The orc warrior is moderately wounded.
Zdislav misses the orc warrior.
Reach: a) +0 trident
Press: ? - help, Dir - move target, f/p - orc warrior
Aim: an orc warrior, wielding a +4 halberd and wearing a +0 crystal plate armour (moderately wounded, strong, ally target, about 29% to evade your +0 trident)
You reach to attack!
You hit the orc warrior but do no damage.
The orc warrior is moderately wounded.
The orc warrior hits you from afar with a +4 halberd!!
You die...

########### ##.........##
##..~~~~~~~..##
##..~~.....~~..##
########..~~..###..~~..####
.........~~..## ##.))).....
~~~~~~)~~~@.##.∩.##..~~~~~~
~....)....R##.....##.......
~.#########o###+###########


oo§ .≈≈§≈ # ≈≈..§§§ ## ...⌠∩⌠§ #. ≈...⌠.. #+#. ≈≈..... ##.## You could see the
friendly Zdislav the ancestor, an orc knight and 2 orc warriors.

Vanquished Creatures
  An ugly thing (D:6)
  A black bear (D:5)
  3 ogres
  A bullfrog (D:7)
  3 scorpions
  A howler monkey (D:5)
  A jelly (D:5)
  A hound (D:6)
  An orc priest (D:4)
  4 iguanas
  2 orc wizards
  Robin (D:2)
  6 adders
  2 worms
  3 dart slugs
  30 orcs
  3 ball pythons
  6 endoplasms
  3 giant cockroaches
  5 hobgoblins
  2 jackals (D:5)
  2 kobolds
  4 quokkas
  4 bats
  3 frilled lizards
  20 goblins
  7 rats
120 creatures vanquished.

Vanquished Creatures (collateral kills)
  An orc warrior (Bailey)
  A scorpion (D:6)
  3 orcs (Bailey)
5 creatures vanquished.

Grand Total: 125 creatures vanquished

Notes
Turn   | Place    | Note
-------+----------+-------------------------------------------
     0 | D:1      | cheesebisquit the Merfolk Gladiator began the quest for the
                  | Orb.
     0 | D:1      | Reached XP level 1. HP: 16/16 MP: 1/1
   121 | D:1      | Reached XP level 2. HP: 22/22 MP: 2/2
   559 | D:1      | Reached XP level 3. HP: 25/27 MP: 3/3
   788 | D:2      | Found a faded altar of an unknown god.
   823 | D:2      | Reached skill level 5 in Polearms
  1040 | D:2      | Reached XP level 4. HP: 33/33 MP: 4/4
  1042 | D:2      | Noticed Robin
  1059 | D:2      | Killed Robin
  1214 | D:2      | Reached skill level 6 in Polearms
  1510 | D:2      | You fall into a shaft and drop 2 floors!
  2016 | D:3      | Found a blossoming altar of Fedhas.
  2627 | D:4      | Reached XP level 5. HP: 24/38 MP: 5/5
  2698 | D:4      | Found a bloodstained altar of Trog.
  2735 | D:4      | Reached skill level 7 in Polearms
  2965 | D:4      | Found a staircase to the Ecumenical Temple.
  2974 | Temple   | Entered the Ecumenical Temple
  3048 | Temple   | Became a worshipper of Hepliaklqana the Forgotten
  3109 | D:5      | Entered Level 5 of the Dungeon
  3126 | D:5      | Found Esiheos's Armour Emporium.
  3144 | D:5      | Bought the +2 pair of boots of Cyopuen {Dex+3} for 278 gold
                  | pieces
  3207 | D:5      | Found Asydghumo's Armour Shop.
  3251 | D:5      | Bought a +0 chain mail for 54 gold pieces
  3276 | D:5      | Found Afyxufitt's Antique Weapon Shoppe.
  3412 | D:5      | Noticed a black bear
  3427 | D:5      | Killed a black bear
  3428 | D:5      | Reached skill level 8 in Polearms
  3428 | D:5      | Reached XP level 6. HP: 34/44 MP: 6/6
  3566 | D:5      | Found Pitipo Hesk's Assorted Antiques.
  3613 | D:5      | Reached skill level 9 in Polearms
  3751 | D:5      | Found a sparkling altar of Nemelex Xobeh.
  3771 | D:5      | Reached XP level 7. HP: 17/50 MP: 7/7
  3870 | D:5      | Reached skill level 10 in Polearms
  4012 | D:5      | Found Ropteaq's Book Emporium.
  4192 | D:6      | Reached skill level 11 in Polearms
  4495 | D:5      | Bought a wavering turquoise ring for 90 gold pieces
  4495 | D:5      | Identified the ring "Kovurop" {Will+ MP+9 Dex+6} (You
                  | bought it in a shop on level 5 of the Dungeon)
  4586 | D:6      | Reached XP level 8. HP: 37/56 MP: 8/8
  4662 | D:6      | Identified the +0 robe of Parlour Games {Harm rC- MP-9
                  | Dex+5}
  4694 | D:6      | Reached skill level 12 in Polearms
  4785 | D:6      | Reached * piety under Hepliaklqana
  5050 | D:6      | Noticed a green ugly thing
  5071 | D:6      | Killed a green ugly thing
  5072 | D:6      | Reached skill level 13 in Polearms
  5257 | D:7      | Found a flagged portal.
  5291 | D:7      | Found a shimmering blue altar of Sif Muna.
  5299 | Bailey   | Entered a bailey
  5329 | Bailey   | Reached skill level 14 in Polearms
  5506 | Bailey   | Reached skill level 1 in Invocations
  5509 | Bailey   | Noticed an orc knight
  5530 | Bailey   | Slain by an orc warrior

Illustrated notes

Levels and vault maps discovered:
D:1:      dpeg_arrival_radiant, layout_basic
D:2:      layout_loops_corners, ebering_ecumenical_altar_petrified, uniq_robin
D:3:      layout_loops_ring, mainiacjoe_overflow_brackets
D:4:      layout_rooms, kennysheep_little_box, minmay_temple_entry_poolview,
          minivault_27
D:5:      layout_basic, nemelex_dance_club_becter, serial_shops,
          nicolae_shop_hallway_plus, shop, nicolae_shop_trees, shop,
          nicolae_stop_n_shop_1
D:6:      layout_loops_cross
D:7:      layout_loops_corners, mainiacjoe_overflow_small_starburst,
          enter_bailey_5, uniq_duvessa
Temple:   eino_wide_crystal_templ
Bailey:   bailey_polearm_1, bailey

Skill      XL: |  1  2  3  4  5  6  7  8 |
---------------+-------------------------+-----
Polearms       | 5 6 8 9 11 14 | 14.0
Throwing       | 3 |  3.0
Invocations    | 1 |  1.0
Fighting       | |  2.5
Armour         | |  0.5
Dodging        | |  4.0
Shields        | |  0.8

Action                     |  1- 3 |  4- 6 |  7- 9 || total
---------------------------+-------+-------+-------++-------
  Melee: Trident           |   100 |   252 |   210 ||   562
         Punch             |     1 |       |       ||     1
  Throw: Throwing net      |       |     9 |     1 ||    10
         Javelin           |       |     2 |     2 ||     4
    Use: Scroll            |       |     9 |     2 ||    11
         Potion            |       |     1 |     3 ||     4
   Stab: Sleeping          |     4 |       |       ||     4
         Held in net/web   |       |     2 |       ||     2
 Armour: Leather armour    |    19 |    14 |       ||    33
         Ring mail         |       |    31 |       ||    31
         Chain mail        |       |    19 |    59 ||    78
         Scale mail        |       |     6 |       ||     6
  Dodge: Dodged            |    36 |   116 |    44 ||   196
  Block: Buckler           |       |    46 |    42 ||    88
